 Dungeon Crawl Stone Soup version 0.28.0 (webtiles) character file.

Game seed: 12053633364330678050

9 RepHenryClay the Gusty (level 2, 0/20 HPs)
             Began as a Gnoll Wanderer on Feb 13, 2022.
             Slain by a quokka (1 damage)
             ... on level 1 of the Dungeon.
             The game lasted 00:00:59 (509 turns).

RepHenryClay the Gusty (Gnoll Wanderer)              Turns: 509, Time: 00:01:00

Health: 0/20       AC:  4    Str:  9    XL:     2   Next: 12%
Magic:  5/5        EV: 12    Int: 14    God:
Gold:   0          SH:  0    Dex: 10    Spells: 6/6 levels left

rFire   . . .      SeeInvis .   a - +0 dagger
rCold   . . .      Faith    .   (no shield)
rNeg    . . .      Spirit   .   d - +0 leather armour
rPois   .          Reflect  .   c - +0 helmet
rElec   .          Harm     .   (no cloak)
rCorr   .          Rampage  .   (no gloves)
Will    .....                   (no boots)
Stlth   ++........              (no amulet)
HPRegen 0.06/turn               (no ring)
MPRegen 0.09/turn               (no ring)

@: no status effects
A: fangs 1, strong nose, distributed training
a: no special abilities


You were on level 1 of the Dungeon.
You visited 1 branch of the dungeon, and saw 1 of its levels.

Inventory:

Hand Weapons
 a - a +0 dagger (weapon)
Armour
 c - a +0 helmet (worn)
 d - a +0 leather armour (worn)


   Skills:
 + Level 0.3 Fighting
 + Level 0.3 Short Blades
 + Level 0.3 Long Blades
 + Level 0.3 Axes
 + Level 0.3 Maces & Flails
 + Level 0.3 Polearms
 + Level 0.3 Staves
 + Level 0.3 Slings
 + Level 0.3 Bows
 + Level 0.3 Crossbows
 + Level 0.3 Throwing
 + Level 0.3 Armour
 + Level 4.4 Dodging
 + Level 4.0 Stealth
 + Level 0.3 Shields
 + Level 0.3 Unarmed Combat
 + Level 2.7 Spellcasting
 + Level 0.2 Conjurations
 + Level 0.2 Hexes
 + Level 0.2 Summonings
 + Level 0.2 Necromancy
 + Level 0.2 Translocations
 + Level 0.2 Transmutations
 + Level 0.2 Fire Magic
 + Level 2.0 Ice Magic
 + Level 7.0 Air Magic
 + Level 0.2 Earth Magic
 + Level 0.2 Poison Magic
 + Level 0.4 Invocations
 + Level 0.3 Evocations


You had 6 spell levels left.
You didn't know any spells.
Your spell library contained the following spells:

 Spells                   Type           Power      Damage    Failure   Level
 Shock                    Conj/Air       48%        1d6       7%          1
 Static Discharge         Conj/Air       12%        N/A       11%         2
 Freeze                   Ice            28%        1d5       13%         1
 Frozen Ramparts          Ice            14%        1d3       36%         3
 Summon Lightning Spire   Summ/Air       12%        N/A       56%         4


Dungeon Overview and Level Annotations

Branches:
Dungeon (1/15)

Altars:


Innate Abilities, Weirdness & Mutations

You have very sharp teeth.
Your uncanny sense of smell can sniff out nearby items.
Your experience applies equally to all skills.


Message History

You barely miss the hobgoblin.
The hobgoblin is severely wounded.
The hobgoblin hits you but does no damage.
You completely miss the hobgoblin. Your bite misses the hobgoblin.
The hobgoblin is severely wounded.
The hobgoblin hits you but does no damage.
You barely miss the hobgoblin.
You bite the hobgoblin, but do no damage.
The hobgoblin is severely wounded.
The hobgoblin closely misses you.
You hit the hobgoblin but do no damage.
The hobgoblin is severely wounded.
The hobgoblin closely misses you.
You hit the hobgoblin.
You kill the hobgoblin!
Unknown command.
You hit the quokka but do no damage. The quokka bites you.
Damage: -10%(-2hp) hp: 50%(10hp)
You barely miss the quokka.
The quokka bites you but does no damage.
You closely miss the quokka. The quokka bites you.
* * * LOW HITPOINT WARNING * * *
The quokka bites you.
* * * LOW HITPOINT WARNING * * *
Unknown command.
Huge Dmg: -25%(-5hp) hp: 25%(5hp)
You aren't carrying any potions.
You barely miss the quokka. The quokka bites you.
* * * LOW HITPOINT WARNING * * *
Huge Dmg: -20%(-4hp) hp: 5%(1hp)
You aren't carrying any potions.
Unknown command.
Unknown command.
You barely miss the quokka. Your bite misses the quokka.
The quokka closely misses you.
You barely miss the quokka. Your bite misses the quokka.
The quokka closely misses you. x2
You miss the quokka. You punch the quokka, but do no damage.
The quokka bites you.
You die...

#.#.#..#####.
#.#.#........
#.#....######
#.#..........
#.##...######
#[...........
##############..######
...............>#
######..#######@#
####'#### #r#
#.......####.########
∆#.8.8.8.#...........#
#.......#.#####.......
+.8.<.8.+ .......
#.......# ....(..
#.8.8.8.# ...$...
#.......# .......


You could see a quokka.

Vanquished Creatures
  An endoplasm (D:1)
  2 giant cockroaches (D:1)
  2 hobgoblins (D:1)
  A quokka (D:1)
  A rat (D:1)
7 creatures vanquished.

Notes
Turn   | Place    | Note
-------+----------+-------------------------------------------
     0 | D:1      | RepHenryClay the Gnoll Wanderer began the quest for the
                  | Orb.
     0 | D:1      | RepHenryClay set off with the following items: a +0 dagger,
                  | a +0 robe, a +0 helmet; and the following spells available
                  | to memorise: Shock, Static Discharge, Freeze, Frozen
                  | Ramparts, Summon Lightning Spire
     0 | D:1      | Reached XP level 1. HP: 13/13 MP: 4/4
   344 | D:1      | Reached XP level 2. HP: 11/19 MP: 5/5
   506 | D:1      | HP: 1/20 [quokka (4)]
   509 | D:1      | Slain by a quokka

Illustrated notes

Levels and vault maps discovered:
D:1:      doesnt_arrival_eight_statues, layout_basic, minmay_circled_x

Skill      XL: |  1 |
---------------+----+-----
Ice Magic      | 2 |  2.0
Fighting       | |  0.3
Short Blades   | |  0.3
Long Blades    | |  0.3
Axes           | |  0.3
Maces & Flails | |  0.3
Polearms       | |  0.3
Staves         | |  0.3
Slings         | |  0.3
Bows           | |  0.3
Crossbows      | |  0.3
Throwing       | |  0.3
Armour         | |  0.3
Dodging        | |  4.4
Stealth        | |  4.0
Shields        | |  0.3
Unarmed Combat | |  0.3
Spellcasting   | |  2.7
Conjurations   | |  0.2
Hexes          | |  0.2
Summonings     | |  0.2
Necromancy     | |  0.2
Translocations | |  0.2
Transmutations | |  0.2
Fire Magic     | |  0.2
Air Magic      | |  7.0
Earth Magic    | |  0.2
Poison Magic   | |  0.2
Invocations    | |  0.4
Evocations     | |  0.3

Action                   || total
-------------------------++-------
Melee: Dagger            ||    81
       Bite              ||     6
       Punch             ||     2
 Stab: Sleeping          ||     1
Armor: Robe              ||    12
       Leather armour    ||     3
Dodge: Dodged            ||    51
